 Dungeon Crawl Stone Soup version 0.22-a0-571-g4a923d4 (webtiles) character file.

124 iamserjio the Shield-Bearer (level 5, -11/33 HPs)
             Began as a Gargoyle Fighter on July 1, 2018.
             Was an Initiate of Trog.
             Mangled by an ogre
             ... wielding a +0 giant club
              (15 damage)
             ... on level 4 of the Dungeon.
             The game lasted 00:03:35 (525 turns).

iamserjio the Shield-Bearer (Gargoyle Fighter)       Turns: 525, Time: 00:03:36

Health: -11/33     AC: 13    Str: 24    XL:     5   Next: 8%
Magic:  5/5        EV:  6    Int:  9    God:    Trog [......]
Gold:   26         SH:  9    Dex: 10    Spells: 4/4 levels left

rFire    . . .     SeeInvis .   a - +0 war axe
rCold    . . .     Gourm    .   c - +0 shield
rNeg     + . .     Faith    .   r - +0 chain mail (curse)
rPois    ∞         Spirit   .   u - +0 hat
rElec    +         Reflect  .   (no cloak)
rCorr    .         Harm     .   (no gloves)
MR       .....                  (no boots)
Stlth    ..........             (no amulet)
HPRegen  0.11/turn              (no ring)
MPRegen  0.09/turn              (no ring)

@: mighty
A: negative energy resistance 1, electricity resistance, unbreathing,
petrification resistance, rot immunity, AC +4
a: Renounce Religion


You were on level 4 of the Dungeon.
You worshipped Trog.
Trog was noncommittal.
You were not hungry.

You visited 1 branch of the dungeon, and saw 4 of its levels.

You collected 26 gold pieces.

Inventory:

Hand Weapons
 a - a +0 war axe (weapon)
Armour
 b - a +0 scale mail
 c - a +0 shield (worn)
 r - a cursed +0 chain mail (worn)
 u - a +0 hat (worn)
Scrolls
 e - a scroll of teleportation {unknown}
 j - a scroll of remove curse {unknown}
 l - a scroll of fear {unknown}
 m - a scroll of fog {unknown}
 o - a scroll of magic mapping {unknown}
 p - a scroll of immolation {unknown}
 s - a scroll of identify {unknown}
Potions
 d - a potion of might
 g - 2 potions of heal wounds {unknown}
 h - a potion of curing {unknown}
 i - 2 potions of flight {unknown}
 k - 3 potions of magic {unknown}
 n - a potion of lignification {unknown}
 q - 2 potions of degeneration {unknown}
Comestibles
 f - 3 rations
 t - a chunk of flesh


   Skills:
 + Level 4.0 Fighting
 * Level 3.2 Axes
 + Level 4.0 Armour
 + Level 4.0 Shields


You had 4 spell levels left.
You didn't know any spells.
Your spell library was empty.

Dungeon Overview and Level Annotations

Branches:
Dungeon (4/15)
 Temple: D:4-7

Altars:
Hepliaklqana
Trog


Innate Abilities, Weirdness & Mutations

You are resistant to torment.
Your stone body is resilient. (AC +4)
You are immune to poison.
You resist negative energy. (rN+)
You are resistant to electric shocks. (rElec)
You can survive without breathing.
You are immune to petrification.
You are immune to rotting.


Message History

You open the door.
An ogre comes into view. It is wielding a giant club.
The ogre shouts!
Found a scroll labeled BOV ZUITHRUIJ.
There is an open door here.
You feel very mighty all of a sudden.
You slash the ogre!
The ogre is heavily wounded.
You block the ogre's attack.
Your shield and chain mail prevent you from hitting the ogre.
The ogre is heavily wounded.
The ogre hits you with a giant club!
You closely miss the ogre.
The ogre is heavily wounded.
The ogre hits you with a giant club!
* * * LOW HITPOINT WARNING * * *
You closely miss the ogre.
The ogre is heavily wounded.
The ogre hits you with a giant club!
You die...

#.... #.... #...#####
#...##.. # #[..##.#
.# #...##.##.#
#.........#
#...###.######.#
#@### #.<......#
#....O.....#.########
............#..
##..........####
#..........#
#..........#
............#
..?##########


You could see an ogre.

Vanquished Creatures
  A howler monkey (D:3)
  3 gnolls (D:3)
  2 adders
  A worm (D:2)
  A dart slug (D:1)
  3 giant cockroaches
  4 goblins
  6 hobgoblins
  A ball python (D:1)
  3 bats (D:2)
  2 frilled lizards
  5 kobolds
  4 rats
36 creatures vanquished.

Notes
Turn   | Place    | Note
-------+----------+-------------------------------------------
     0 | D:1      | iamserjio the Gargoyle Fighter began the quest for the Orb.
     0 | D:1      | Reached XP level 1. HP: 14/14 MP: 1/1
    65 | D:1      | Reached XP level 2. HP: 10/19 MP: 2/2
   232 | D:3      | Noticed a howler monkey
   238 | D:3      | Killed a howler monkey
   238 | D:3      | Reached XP level 3. HP: 7/24 MP: 3/3
   241 | D:3      | Reached XP level 4. HP: 9/29 MP: 4/4
   291 | D:2      | Found a bloodstained altar of Trog.
   296 | D:2      | Became a worshipper of Trog the Wrathful
   444 | D:2      | Found a hazy altar of Hepliaklqana.
   472 | D:3      | Reached XP level 5. HP: 19/33 MP: 5/5
   519 | D:4      | Noticed an ogre
   525 | D:4      | Mangled by an ogre

Vault maps used:
D:1:      ncdulo_smallfort
D:2:      lemuel_crystal_altar, lightli_temple_of_fire,
          nicolae_overflow_hidden_temple, moated_statue
D:3:      lemuel_crystal_altar
D:4:      minmay_temple_entry_mist, first_ration

Skill      XL: |  1  2  3  4 |
---------------+-------------+-----
Axes           | 2 3 |  3.2
Shields        | 4 |  4.0
Fighting       | 4 |  4.0
Armour         | 4 |  4.0

Action                   |  1- 3 |  4- 6 || total
-------------------------+-------+-------++-------
Melee: War axe           |    57 |    49 ||   106
  Use: Potion            |       |     1 ||     1
Armor: Scale mail        |    56 |    37 ||    93
Dodge: Dodged            |    29 |    26 ||    55
Block: Shield            |    61 |    41 ||   102

Table legend:
 A = Spawn XP
 B = Non-spawn XP
 C = Spawn XP percentage of total XP
 D = Spawn monster count
 E = Non-spawn monster count
 F = Spawn count percentage of total count
 G = Total turns spent on level
                    A         B        C        D         E        F      G
               +---------+---------+-------+---------+---------+-------+---------
         Total |       0 |     178 |   0.0 |       0 |      36 |   0.0 |   525
               +---------+---------+-------+---------+---------+-------+---------
           D:1 |       0 |      25 |   0.0 |       0 |      15 |   0.0 |   227
           D:2 |       0 |      31 |   0.0 |       0 |      10 |   0.0 |   176
           D:3 |       0 |     122 |   0.0 |       0 |      11 |   0.0 |   108
               +---------+---------+-------+---------+---------+-------+---------
